[Event "Team 45 45 League T45"]
[Site "Internet Chess Club"]
[Date "2010.06.13"]
[Round "6"]
[White "slowdown"]
[Black "JWB"]
[Result "0-1"]
[WhiteElo "1619"]
[BlackElo "1740"]
[Opening "Sicilian: Taimanov variation"]
[ECO "B46"]
[Time "14:00:19"]
[TimeControl "2700+45"]

1. e4 c5 2. Nf3 e6 3. d4 cxd4 4. Nxd4 Nc6 5. Nc3 a6 6. Be3 d6 7. Qd2 Nf6 8. f3
Qc7 9. O-O-O Be7 10. g4 b5 11. h4 Nd7 12. g5 Nde5 13. Be2 Bd7 14. f4 Nc4 15.
Bxc4 bxc4 16. Nce2 Rb8 17. c3 Qb7 18. f5 Nxd4 19. Nxd4 e5 20. Nf3 Qxe4 21. f6
Bf5 22. Qf2 Qb1+ 23. Kd2 Qxb2+ 24. Ke1 Qxf2+ 25. Bxf2 gxf6 26. gxf6 Bxf6 27.
Rxd6 Ke7 28. Bc5 Rb1+ 29. Rd1+ Ke8 30. Rg1 Rxd1+ 31. Kxd1 Kd7 32. Kd2 Kc6 33.
Bb4 Rd8+ 34. Ke2 Bd3+ 35. Ke3 e4 36. Ng5 Rg8 37. Rg2 h6 38. Rf2 Bxg5+ 39. hxg5
hxg5 40. Rxf7 g4 41. Rf2 g3 42. Rg2 Bf1 43. Rg1 g2 44. Kxe4 Rh8 45. Kf3 Rh1 46.
Kf2 Kb5 47. a3 Ka4 48. Rxg2 Bxg2 49. Kxg2 Rb1 50. Kf2 a5 51. Ke3 axb4 52. axb4
Kb3 53. Kd4 Rd1+ 54. Kc5 Kxc3 55. b5 Rb1 56. b6 Kd3 {White resigns} 0-1

[Event "Team 45 45 League T45"]
[Site "Internet Chess Club"]
[Date "2010.06.12"]
[Round "6"]
[White "rayngrant"]
[Black "badmove"]
[Result "0-1"]
[WhiteElo "1553"]
[BlackElo "1774"]
[Opening "Giuoco Piano"]
[ECO "C54"]
[Time "16:11:15"]
[TimeControl "2700+45"]

1. e4 e5 2. Nf3 Nc6 3. Bc4 Bc5 4. c3 Nf6 5. d4 exd4 6. cxd4 Bb4+ 7. Bd2 Bxd2+ 8.
Nbxd2 d5 9. exd5 Nxd5 10. O-O O-O 11. a3 Nb6 12. Rc1 Bg4 13. Be2 Rc8 14. Nb3 Nd5
15. Qd2 Qf6 16. Rc5 Nf4 17. Bd1 Rcd8 18. Ne5 Be6 19. Nxc6 bxc6 20. Rxc6 Qg5 21.
g3 Nh3+ 22. Kg2 Bd5+ 23. Bf3 Bxf3+ 24. Kxf3 Qd5+ 25. Kg4 Qxc6 26. Kxh3 Qe6+
{White resigns} 0-1

[Event "Team 45 45 League T45"]
[Site "Internet Chess Club"]
[Date "2010.06.15"]
[Round "6"]
[White "medsurg"]
[Black "FractalDante"]
[Result "0-1"]
[WhiteElo "1300"]
[BlackElo "1432"]
[Opening "Sicilian: Grand Prix attack"]
[ECO "B23"]
[Time "15:00:15"]
[TimeControl "2700+45"]

1. e4 c5 2. Nc3 Nc6 3. f4 g6 4. Bb5 Nd4 5. Nf3 Nxb5 6. Nxb5 a6 7. Nc3 Bg7 8. d4
cxd4 9. Nxd4 e6 10. O-O Qb6 11. Ne2 d6 12. Kh1 Nf6 13. Qd3 O-O 14. Rb1 Qd8 15.
f5 Nd7 16. fxe6 Nc5 17. exf7+ Rxf7 18. Qd1 Nxe4 19. Rxf7 Kxf7 20. Bf4 Nf2+
{White resigns} 0-1

[Event "Team 45 45 League T45"]
[Site "Internet Chess Club"]
[Date "2010.06.14"]
[Round "6"]
[White "Packerfan"]
[Black "imawesome"]
[Result "0-1"]
[WhiteElo "1690"]
[BlackElo "1650"]
[Opening "Sicilian: Hungarian variation"]
[ECO "B27"]
[Time "10:18:02"]
[TimeControl "2700+45"]

1. e4 c5 2. Nf3 g6 3. c3 Bg7 4. d4 cxd4 5. cxd4 d5 6. e5 Nc6 7. Nc3 f6 8. Bb5 a6
9. Ba4 Be6 10. O-O Qd7 11. Re1 O-O-O 12. Be3 fxe5 13. Nxe5 Bxe5 14. dxe5 d4 15.
Ne4 dxe3 16. Qxd7+ Bxd7 17. f4 Nxe5 18. Bxd7+ Nxd7 19. Rac1+ Kb8 20. Rxe3 Ngf6
21. Ng5 e5 22. Nf7 Rc8 23. Rce1 exf4 24. Nxh8 fxe3 25. Nf7 Rc2 26. Rxe3 Rc1+ 27.
Kf2 Ng4+ 28. Kf3 Nxe3 29. Kxe3 Rc2 30. Ng5 Rxg2 31. Nxh7 Rxh2 32. Ng5 Rxb2 33.
Ne4 Rxa2 {White resigns} 0-1

[Event "Team 45 45 League T45"]
[Site "Internet Chess Club"]
[Date "2010.06.09"]
[Round "6"]
[White "quaksterjohny"]
[Black "Eyechess"]
[Result "0-1"]
[WhiteElo "1375"]
[BlackElo "1724"]
[Opening "French: advance variation"]
[ECO "C02"]
[Time "19:30:12"]
[TimeControl "2700+45"]

1. e4 e6 2. d4 d5 3. e5 c5 4. c3 Qb6 5. Nf3 Nc6 6. a3 cxd4 7. cxd4 Nh6 8. b4 Nf5
9. Bb2 Bd7 10. Be2 Be7 11. O-O O-O 12. Qd3 f6 13. Nbd2 fxe5 14. dxe5 Be8 15. Nb3
Bg6 16. Qd2 a5 17. b5 a4 18. Nc1 Na7 19. Nd4 Bc5 20. Rb1 Nxd4 21. Bd3 Bxd3 22.
Nxd3 Nb3 23. Qc2 Rac8 24. Qe2 Nxb5 25. Nxc5 Qxc5 26. Rfd1 Nxa3 27. Bxa3 Qxa3 28.
Qg4 Rf5 29. h3 Rc4 30. Qg3 Qc5 31. Rf1 b5 32. Rbd1 Rc2 33. Qh4 Nd2 34. Qd8+ Rf8
35. Qh4 Nxf1 36. Rxf1 Rc1 37. Rxc1 Qxc1+ 38. Kh2 Qf4+ 39. Kg1 Qxh4 {White
resigns} 0-1

[Event "Team 45 45 League T45"]
[Site "Internet Chess Club"]
[Date "2010.06.11"]
[Round "6"]
[White "Tjet"]
[Black "check-man"]
[Result "0-1"]
[WhiteElo "1542"]
[BlackElo "1572"]
[Opening "English opening"]
[ECO "A17"]
[Time "15:01:08"]
[TimeControl "2700+45"]

1. c4 e6 2. Nc3 Nf6 3. g3 d5 4. cxd5 exd5 5. Bg2 c5 6. d4 cxd4 7. Qxd4 Nc6 8.
Qd1 d4 9. Ne4 Bf5 10. Nxf6+ Qxf6 11. a3 Be7 12. Nf3 h6 13. O-O O-O 14. Ne1 Rac8
15. Nd3 Bd6 16. Bf4 Bxd3 17. Bxd6 Bxe2 18. Qxe2 Qxd6 19. Qd2 Ne5 20. Rfd1 Rfd8
21. b3 d3 22. h4 Rc2 23. Qxc2 dxc2 24. Rxd6 Rxd6 {White resigns} 0-1

[Event "Team 45 45 League T45"]
[Site "Internet Chess Club"]
[Date "2010.06.11"]
[Round "6"]
[White "Zappy"]
[Black "MCJR"]
[Result "1/2-1/2"]
[WhiteElo "1363"]
[BlackElo "1416"]
[Opening "Sicilian: Labourdonnais-Löwenthal variation"]
[ECO "B32"]
[Time "20:01:25"]
[TimeControl "2700+45"]

1. e4 c5 2. Nf3 Nc6 3. d4 cxd4 4. Nxd4 e5 5. Nxc6 bxc6 6. Bc4 Nf6 7. Nc3 Nxe4 8.
Nxe4 d5 9. Bd3 dxe4 10. Bxe4 Bb7 11. Qxd8+ Rxd8 12. O-O f6 13. Be3 a6 14. Rfd1
Be7 15. Rxd8+ Kxd8 16. Rd1+ Kc7 17. c3 g6 18. Rd3 f5 19. Bxf5 gxf5 20. h3 Rd8
21. Rxd8 Bxd8 22. f3 Kd6 23. Kf2 f4 24. Bd2 Bh4+ 25. Ke2 c5 26. Be1 Bxe1 27.
Kxe1 Ke6 28. Kd2 Kf5 29. Kd3 Ke6 30. Kc4 Kd6 31. b3 h5 32. b4 cxb4 33. cxb4 Bd5+
34. Kd3 Bxa2 35. Ke4 Kc7 36. Kxe5 Bc4 37. Kxf4 Bf1 38. g4 hxg4 39. hxg4 Kd7 40.
Kf5 Ke7 41. f4 Kf7 42. g5 Bd3+ 43. Ke5 Kg6 44. Ke6 Bc2 45. Ke5 Bd3 46. Ke6 Bc4+
47. Kd6 Kf5 48. Kc5 Bb5 49. Kb6 Kg6 50. Kb7 Kf5 51. Kb6 Kg6 52. Kb7 Bd3 53. Kb6
Kf5 54. Kb7 Kg6 55. Kb6 Bb5 56. Kb7 Kf5 57. Kb6 Kg6 58. Kb7 Kf5 59. Kb6 Kg6 60.
Kb7 Kf5 {Game drawn by repetition} 1/2-1/2

[Event "Team 45 45 League T45"]
[Site "Internet Chess Club"]
[Date "2010.06.15"]
[Round "6"]
[White "taldeital"]
[Black "ILRE"]
[Result "1-0"]
[WhiteElo "1478"]
[BlackElo "1559"]
[Opening "Modern defense"]
[ECO "A40"]
[Time "17:08:28"]
[TimeControl "2700+45"]

1. d4 g6 2. Nf3 Bg7 3. Bf4 Nf6 4. h3 d6 5. e3 O-O 6. c3 Bf5 7. Bd3 Bxd3 8. Qxd3
Nbd7 9. Nbd2 Re8 10. O-O e6 11. Qc2 e5 12. dxe5 dxe5 13. Bg5 c6 14. Rad1 Qc7 15.
Ne4 Nxe4 16. Qxe4 Nf6 17. Bxf6 Bxf6 18. Rd2 Rad8 19. Rfd1 Rxd2 20. Rxd2 Bg7 21.
Qc2 Rd8 22. Rxd8+ Qxd8 23. Qd2 Qa5 24. a3 Qd5 25. Qxd5 cxd5 26. Ne1 e4 27. Nc2
Bf8 28. Nd4 a6 29. Kf1 Bd6 30. Ke2 Kf8 31. a4 Ke7 32. f4 f5 33. g4 Bc5 34. g5
Bxd4 35. cxd4 Kd6 36. Kd2 a5 37. Kc3 Kc6 38. b4 b5 39. bxa5 bxa4 40. Kb4 a3 41.
Kxa3 Kb5 42. a6 Kxa6 43. Kb4 Kb6 44. h4 Kc6 45. Ka5 Kc7 46. Kb5 Kd6 47. Kb6 Ke6
48. Kc6 Ke7 49. Kxd5 Kd7 50. Ke5 Ke7 51. d5 Kd7 52. d6 Kd8 53. Kf6 Kd7 54. Kg7
Kxd6 55. Kxh7 Kc5 56. Kxg6 Kc4 57. h5 Kd3 58. h6 Kxe3 59. Kxf5 Kf3 60. h7 e3 61.
h8=Q e2 62. Qh5+ Ke3 63. Qxe2+ Kxe2 64. g6 {Black resigns} 1-0

[Event "Team 45 45 League T45"]
[Site "Internet Chess Club"]
[Date "2010.06.13"]
[Round "6"]
[White "blizzard13"]
[Black "dscvdchk"]
[Result "0-1"]
[WhiteElo "1472"]
[BlackElo "1474"]
[Opening "Réti opening"]
[ECO "A05"]
[Time "14:04:04"]
[TimeControl "2700+45"]

1. Nf3 Nf6 2. g3 d5 3. Bg2 c6 4. O-O Bf5 5. d3 h6 6. Bf4 Nbd7 7. Nc3 e6 8. Re1
Be7 9. e4 dxe4 10. dxe4 Bg4 11. h3 Bh5 12. g4 Bg6 13. Bd6 Nb6 14. e5 Nfd5 15.
Nxd5 cxd5 16. Bxe7 Qxe7 17. Nd4 a6 18. a3 O-O 19. b3 Rac8 20. Ra2 Rc3 21. Ne2
Rc7 22. c3 Rfc8 23. Qd4 Qc5 24. Rd1 Nd7 25. b4 Qc4 26. f4 Qxa2 27. Rd2 Qa1+ 28.
Kf2 Qxa3 29. f5 Bh7 30. fxe6 fxe6 31. Bxd5 exd5 32. Qxd5+ Kh8 33. e6 Nf6 34. Qd6
Ne4+ {White resigns} 0-1

[Event "Team 45 45 League T45"]
[Site "Internet Chess Club"]
[Date "2010.06.12"]
[Round "6"]
[White "IanT"]
[Black "houseofcook"]
[Result "1/2-1/2"]
[WhiteElo "1389"]
[BlackElo "1497"]
[Opening "French: exchange variation"]
[ECO "C01"]
[Time "03:00:14"]
[TimeControl "2700+45"]

1. e4 e6 2. d4 d5 3. exd5 exd5 4. c4 dxc4 5. Bxc4 Nf6 6. Nf3 Bg4 7. Be3 Bb4+ 8.
Nc3 O-O 9. a3 Bd6 10. O-O Nc6 11. h3 Bh5 12. Qe2 Re8 13. Rad1 a6 14. Rd2 Na5 15.
Ba2 Qc8 16. Rfd1 Nc6 17. Bb3 b5 18. Bd5 Nxd5 19. Nxd5 Qf5 20. Nc3 Bxf3 21. Qxf3
Qxf3 22. gxf3 Ne7 23. Ne4 Rad8 24. Rc1 Nd5 25. Rc6 f5 26. Nxd6 Rxd6 27. Rxd6
cxd6 28. Rd3 f4 29. Bd2 Rc8 30. Bc3 Re8 31. Rd2 Re6 32. Kh2 Kf7 33. h4 h5 34.
Rc2 Ke7 35. Ba5 Kd7 {Game drawn by mutual agreement} 1/2-1/2

[Event "Team 45 45 League T45"]
[Site "Internet Chess Club"]
[Date "2010.06.13"]
[Round "6"]
[White "bigdill"]
[Black "GiulioCre"]
[Result "0-1"]
[WhiteElo "995"]
[BlackElo "1383"]
[Opening "Sicilian defense"]
[ECO "B20"]
[Time "15:31:30"]
[TimeControl "2700+45"]

1. e4 c5 2. Bc4 Nf6 3. d3 Nc6 4. Nf3 d5 5. exd5 Nxd5 6. Ng5 e6 7. Qf3 Nf6 8. O-O
Be7 9. Re1 O-O 10. b3 Nd4 11. Qd1 b5 12. c3 bxc4 13. cxd4 Qxd4 14. Bb2 Qxb2 15.
Nd2 cxd3 16. Nc4 Qd4 17. Nf3 Qd5 18. h3 Ba6 19. Ne3 Qd6 20. g3 Rfd8 21. Qd2 Ne4
22. Qb2 Bg5 23. Nd2 Bxe3 24. Rxe3 Nxd2 25. Qxd2 Bb7 26. Rd1 Qd5 27. f3 Ba6 28.
Kf2 c4 29. Qc3 cxb3 30. axb3 Rac8 31. Qb2 Rc2+ 32. Rd2 Rxb2 33. Rxb2 d2 34. Rb1
d1=Q 35. Re1 Q5d2+ 36. Kg1 Q2xe1+ 37. Kg2 Rd2# {White checkmated} 0-1

[Event "Team 45 45 League T45"]
[Site "Internet Chess Club"]
[Date "2010.06.13"]
[Round "6"]
[White "Juan73"]
[Black "chicopee-ed"]
[Result "1-0"]
[WhiteElo "1681"]
[BlackElo "1292"]
[Opening "French: exchange variation"]
[ECO "C01"]
[Time "19:05:37"]
[TimeControl "2700+45"]

1. e4 e6 2. d4 d5 3. exd5 exd5 4. Nc3 Bb4 5. Nf3 Bg4 6. Bd2 Nf6 7. Qe2+ Qe7 8.
Qxe7+ Kxe7 9. Ne5 Bf5 10. O-O-O Re8 11. a3 Ba5 12. b4 Bb6 13. Bg5 Kf8 14. h3
Nfd7 15. Nxd7+ Nxd7 16. Nxd5 c6 17. Nxb6 Nxb6 18. Bd3 Bxd3 19. Rxd3 f6 20. Bf4
Nd5 21. Bd6+ Kg8 22. c4 Rad8 23. Bg3 Nb6 24. Bc7 Rc8 25. Bxb6 axb6 26. Re3 Rcd8
27. Rxe8+ Rxe8 28. Kd2 Kf7 29. Re1 Rd8 30. Kc3 c5 31. bxc5 bxc5 32. dxc5 Re8 33.
Rxe8 Kxe8 34. Kb4 Kd7 35. Kb5 Kc7 36. a4 g6 37. a5 h6 38. c6 bxc6+ 39. Kc5 f5
40. a6 g5 41. a7 Kb7 42. a8=Q+ Kxa8 43. Kxc6 Kb8 44. c5 Kc8 45. Kd6 h5 46. Ke5
f4 47. Kf5 f3 48. gxf3 {Black resigns} 1-0

[Event "Team 45 45 League T45"]
[Site "Internet Chess Club"]
[Date "2010.06.12"]
[Round "6"]
[White "kid6988"]
[Black "Burbia"]
[Result "1-0"]
[WhiteElo "1357"]
[BlackElo "1337"]
[Opening "French: advance, Paulsen attack"]
[ECO "C02"]
[Time "17:00:13"]
[TimeControl "2700+45"]

1. e4 e6 2. d4 d5 3. e5 c5 4. c3 Nc6 5. Nf3 Qb6 6. Be3 Qxb2 7. Qb3 Qxa1 8. dxc5
Nh6 9. Bd3 Nf5 10. Bc1 Bxc5 11. Bb2 Na5 12. Qb5+ Bd7 13. Qxd7+ Kxd7 14. Bxa1 a6
15. O-O Rac8 16. Ng5 Ke7 17. g4 h6 18. Nf3 Nd6 19. exd6+ Kxd6 20. Nbd2 g5 21.
Rd1 h5 22. Nxg5 hxg4 23. Nxf7+ Ke7 24. Nxh8 Rxh8 25. c4 Rf8 26. Rf1 Bb4 27. Rd1
Rd8 28. c5 Nc4 29. Nb3 Ne5 30. Bxe5 {Black resigns} 1-0

[Event "Team 45 45 League T45"]
[Site "Internet Chess Club"]
[Date "2010.06.15"]
[Round "6"]
[White "Gunter"]
[Black "Deadly-Spike"]
[Result "1-0"]
[WhiteElo "1217"]
[BlackElo "1277"]
[Opening "Pirc: classical, h3 system"]
[ECO "B08"]
[Time "16:00:09"]
[TimeControl "2700+45"]

1. e4 d6 2. d4 Nf6 3. Nc3 g6 4. Nf3 Bg7 5. h3 O-O 6. Be3 Bd7 7. Be2 Nc6 8. O-O
Rb8 9. a3 a6 10. Qd2 Re8 11. e5 dxe5 12. dxe5 Nh5 13. Bh6 Bxe5 14. Nxe5 Nxe5 15.
Bxh5 f6 16. Qd4 Nf7 17. Bxg6 hxg6 18. Be3 Kg7 19. Rad1 Nd6 20. Ne4 Qc8 21. Bf4
Rh8 22. Rd3 Bb5 23. Nxd6 cxd6 24. Rc3 Qd7 25. Re1 e5 26. Bxe5 dxe5 27. Qxd7+
Bxd7 28. Rc7 Rhd8 29. Rd1 Kf8 30. Rcxd7 Rxd7 31. Rxd7 Ke8 32. Rg7 g5 33. Rg8+
{Black resigns} 1-0

[Event "Team 45 45 League T45"]
[Site "Internet Chess Club"]
[Date "2010.06.11"]
[Round "6"]
[White "j316chuck"]
[Black "pedrin"]
[Result "1-0"]
[WhiteElo "1532"]
[BlackElo "1094"]
[Opening "King's pawn opening"]
[ECO "B07"]
[Time "14:16:53"]
[TimeControl "2700+45"]

1. e4 d6 2. Nf3 Nf6 3. Nc3 g6 4. Bc4 Bg7 5. d4 O-O 6. O-O Bg4 7. h3 Bxf3 8. Qxf3
e5 9. dxe5 dxe5 10. Be3 a6 11. Rad1 Qe7 12. Nd5 Nxd5 13. Bxd5 c6 14. Bb3 Rd8 15.
Rxd8+ Qxd8 16. Bxf7+ Kh8 17. Rd1 Qe7 18. Bb3 Nd7 19. Qf7 Qxf7 20. Bxf7 Nf6 21.
f3 Rf8 22. Bb3 b5 23. a4 Nh5 24. axb5 axb5 25. Rd6 Rf6 26. Rxf6 Bxf6 27. Be6 Be7
28. Bd7 c5 29. Bxb5 Ng3 30. Bf2 Nh5 31. Kh2 Nf6 32. c3 Kg7 33. Be1 Bd8 34. b4
cxb4 35. cxb4 Bb6 36. Bg3 Bd4 37. f4 exf4 38. Bxf4 Nxe4 39. Bc6 Nf6 40. Bc7 Bc3
41. b5 Kf7 42. b6 Ba5 43. Kg3 Ke7 44. Kf4 Nd7 45. Bxd7 Kxd7 46. Kg5 Kc8 47. Kh6
Kb7 48. Kxh7 Bxb6 49. Bxb6 Kxb6 50. Kxg6 Kc5 51. h4 Kd5 52. h5 Ke5 53. h6 Ke6
54. h7 {Black resigns} 1-0

[Event "Team 45 45 League T45"]
[Site "Internet Chess Club"]
[Date "2010.06.13"]
[Round "6"]
[White "Zumbi"]
[Black "fishhead"]
[Result "1-0"]
[WhiteElo "2008"]
[BlackElo "2125"]
[Opening "Queen's Indian: Capablanca variation"]
[ECO "E16"]
[Time "20:30:23"]
[TimeControl "2700+45"]

1. d4 Nf6 2. c4 e6 3. Nf3 b6 4. g3 Bb7 5. Bg2 Bb4+ 6. Bd2 Qe7 7. O-O Bxd2 8.
Qxd2 d5 9. Ne5 Nbd7 10. Nc3 c6 11. e4 Nxe4 12. Nxe4 dxe4 13. Bxe4 Nxe5 14. dxe5
c5 15. Qc2 Bxe4 16. Qxe4 Rd8 17. Rad1 O-O 18. Qc6 h5 19. Rd6 Rxd6 20. exd6 Qd8
21. d7 h4 22. Rd1 h3 23. Qd6 g6 24. f4 Kg7 25. a3 Qa8 26. Qxf8+ {Black resigns}
1-0

[Event "Team 45 45 League T45"]
[Site "Internet Chess Club"]
[Date "2010.06.14"]
[Round "6"]
[White "CREDITorDEBIT"]
[Black "eagleeye222001"]
[Result "1-0"]
[WhiteElo "1824"]
[BlackElo "1738"]
[Opening "Philidor: exchange variation"]
[ECO "C41"]
[Time "18:31:42"]
[TimeControl "2700+45"]

1. e4 d6 2. Nf3 e5 3. d4 exd4 4. Nxd4 Nf6 5. Nc3 g6 6. Bc4 Bg7 7. Bg5 O-O 8. Qd2
c6 9. Bb3 Qc7 10. O-O-O Na6 11. Qf4 Ng4 12. h3 Ne5 13. Qg3 Nc5 14. f4 Nxb3+ 15.
cxb3 Nd7 16. Nf5 h6 17. Nxh6+ Bxh6 18. Bxh6 Re8 19. f5 Ne5 20. Bf4 Kg7 21. h4 f6
22. Bxe5 dxe5 23. Qxg6+ Kf8 24. Qxf6+ Qf7 25. Qxf7+ Kxf7 26. g4 Ke7 27. g5 Bd7
28. h5 Bxf5 29. exf5 Rg8 30. Ne4 Raf8 31. f6+ Ke6 32. Rhf1 Rh8 33. Rd6+ Kf7 34.
g6+ Ke8 {Black resigns} 1-0

[Event "Team 45 45 League T45"]
[Site "Internet Chess Club"]
[Date "2010.06.12"]
[Round "6"]
[White "Tobiasdelmonte"]
[Black "tigereye"]
[Result "0-1"]
[WhiteElo "1756"]
[BlackElo "1875"]
[Opening "QGD semi-Slav"]
[ECO "D43"]
[Time "13:11:59"]
[TimeControl "2700+45"]

1. d4 d5 2. c4 c6 3. Nc3 Nf6 4. Nf3 e6 5. Bf4 dxc4 6. e3 b5 7. a4 Bb4 8. Be2 Nd5
9. Qc2 Nxf4 10. exf4 Bb7 11. O-O a6 12. f5 exf5 13. Qxf5 Be7 14. Ne5 O-O 15.
axb5 cxb5 16. Rfd1 Nc6 17. Bf3 Qc8 18. Nxc6 Bxc6 19. Qxc8 Rfxc8 20. Bxc6 Rxc6
21. Nxb5 Rb8 22. d5 Rcb6 23. d6 Bf6 24. Nc7 Rxb2 25. Nxa6 Rd8 26. Nc5 Rb5 27.
Ne4 Bxa1 28. Rxa1 f5 29. Nc3 Rb3 30. Rc1 Rxd6 31. g3 Kf7 32. Kg2 Rd2 33. Na4 Rb4
34. Nc5 Rbb2 35. Rxc4 Rxf2+ 36. Kg1 Rg2+ 37. Kf1 Rxh2 38. Kg1 Rhc2 39. Rxc2 Rxc2
40. Nd3 Rc3 {White resigns} 0-1

[Event "Team 45 45 League T45"]
[Site "Internet Chess Club"]
[Date "2010.06.10"]
[Round "6"]
[White "badmove"]
[Black "Magagna"]
[Result "1/2-1/2"]
[WhiteElo "1772"]
[BlackElo "1881"]
[Opening "Trompowsky attack (Ruth, Opocenský opening)"]
[ECO "A45"]
[Time "17:04:20"]
[TimeControl "2700+45"]

1. d4 Nf6 2. Bg5 h6 3. Bh4 b6 4. e3 Bb7 5. Nd2 e6 6. Ngf3 Be7 7. Bxf6 gxf6 8. c3
a6 9. Bd3 d6 10. Qe2 Rg8 11. Rg1 f5 12. e4 fxe4 13. Bxe4 d5 14. Bd3 Nd7 15. g3
c5 16. h4 c4 17. Bc2 b5 18. Rh1 Qb6 19. Ne5 Nxe5 20. Qxe5 b4 21. Ba4+ Bc6 22.
Bxc6+ Qxc6 23. Qe3 Rh8 24. Nf3 bxc3 25. bxc3 Rb8 26. Ne5 Qa4 27. Qf4 Rb2 28.
Qxf7+ Kd8 29. Qxe6 Re8 30. Kf1 Rf8 31. Nc6+ Qxc6 {Game drawn by mutual
agreement} 1/2-1/2

[Event "Team 45 45 League T45 u"]
[Site "Internet Chess Club"]
[Date "2010.06.12"]
[Round "6"]
[White "Yedixon"]
[Black "LucaTrapani"]
[Result "0-1"]
[WhiteElo "1747"]
[BlackElo "2069"]
[Opening "Bird's opening"]
[ECO "A03"]
[Time "19:06:58"]
[TimeControl "2700+45"]

1. f4 d5 2. Nf3 Nc6 3. e3 Bg4 4. Bb5 e6 5. O-O Nf6 6. h3 Bxf3 7. Qxf3 a6 8.
Bxc6+ bxc6 9. g4 Bc5 10. g5 Nd7 11. b3 h6 12. h4 hxg5 13. fxg5 Ne5 14. Qg3 Bd6
15. Qf2 Qe7 16. Bb2 Ng4 17. Qe1 f6 18. a4 Kd7 19. gxf6 gxf6 20. Ba3 Rag8 21. Kh1
Bxa3 22. Nxa3 Qd6 23. Rf4 Qe5 24. c4 Qg5 25. cxd5 Rxh4+ 26. Kg2 Ne5+ {White
resigns} 0-1

[Event "Team 45 45 League T45"]
[Site "Internet Chess Club"]
[Date "2010.06.15"]
[Round "6"]
[White "JWB"]
[Black "Goli"]
[Result "1/2-1/2"]
[WhiteElo "1743"]
[BlackElo "1806"]
[Opening "Robatsch (modern) defense"]
[ECO "B06"]
[Time "15:04:52"]
[TimeControl "2700+45"]

1. e4 g6 2. d4 Bg7 3. c3 d6 4. f4 Nf6 5. Bd3 O-O 6. Nf3 Bg4 7. O-O c5 8. dxc5
dxc5 9. Be3 Qc7 10. Qe2 Nbd7 11. Nbd2 Rad8 12. h3 Bxf3 13. Nxf3 Nh5 14. Qd2 c4
15. Bc2 Ng3 16. Rfd1 Nc5 17. Qe1 Ngxe4 18. Bxe4 Nxe4 19. Bxa7 Qxf4 20. Be3 Qc7
21. Bd4 Bxd4+ 22. Nxd4 Nc5 23. Kh1 Nd3 24. Qe2 e5 25. Nf3 Qc5 26. Rd2 Nf4 27.
Qd1 Nd3 28. Qe2 Nf4 29. Qd1 Rxd2 30. Qxd2 Nd3 31. Qe2 Rd8 32. Kh2 Qc7 33. Kg1
Qc5+ 34. Kh2 f5 35. Rd1 e4 36. Nd4 Qe5+ 37. Kg1 Qg3 38. Rf1 Kh8 39. Kh1 Re8 40.
Nc2 f4 41. Nd4 h5 42. b3 b5 43. Nxb5 f3 44. Rxf3 exf3 45. Qxe8+ Kg7 46. Qe7+ Kg8
47. Qe8+ Kg7 48. Qe7+ Kg8 49. Qe8+ Kh7 50. Qe7+ Kg8 51. Qe8+ {Game drawn by
repetition} 1/2-1/2

[Event "Team 45 45 League T45"]
[Site "Internet Chess Club"]
[Date "2010.06.12"]
[Round "6"]
[White "randallsr"]
[Black "Monsieur"]
[Result "0-1"]
[WhiteElo "1753"]
[BlackElo "1571"]
[Opening "Réti opening"]
[ECO "A04"]
[Time "13:00:04"]
[TimeControl "2700+45"]

1. Nf3 e5 2. Nxe5 Nc6 3. Nxc6 dxc6 4. b3 Qf6 5. c3 Bf5 6. Bb2 O-O-O 7. d3 Bc5 8.
d4 Nh6 9. h3 Rhe8 10. Nd2 Bb6 11. b4 a6 12. Nc4 Ba7 13. Qd2 c5 14. bxc5 Bxc5 15.
Rd1 Ba7 16. e3 c5 17. Bd3 cxd4 18. Bxf5+ Nxf5 19. cxd4 Bxd4 20. O-O Bxb2 21.
Qxb2 Kb8 22. Qxf6 gxf6 23. Rxd8+ Rxd8 24. Rb1 Rc8 25. Na5 Rc7 26. g3 Ne7 27. Rb2
Nc6 28. Nxc6+ Rxc6 29. Kg2 Ka7 30. Kf3 b5 31. a4 Kb6 32. axb5 axb5 33. Kf4 Rc4+
34. e4 b4 35. f3 Kb5 36. h4 Ka4 37. g4 Ka3 38. Rb1 Ka2 39. Rd1 b3 40. Rd6 Ra4
41. Rxf6 Rb4 42. Ra6+ Kb2 43. Kf5 Kc2 44. Ra3 Kc1 45. Rxb3 Rxb3 46. f4 Rf3 47.
g5 Kd2 48. e5 Ke3 49. Kf6 Rxf4+ 50. Kg7 Ke4 51. h5 Kxe5 52. Kxh7 Kf5 53. g6 fxg6
54. hxg6 Rh4+ 55. Kg7 Rg4 {White resigns} 0-1

[Event "Team 45 45 League T45"]
[Site "Internet Chess Club"]
[Date "2010.06.13"]
[Round "6"]
[White "Frankly"]
[Black "room-matt"]
[Result "1-0"]
[WhiteElo "1784"]
[BlackElo "1697"]
[Opening "King's Indian: Petrosian system"]
[ECO "E92"]
[Time "04:11:03"]
[TimeControl "2700+45"]

1. d4 Nf6 2. c4 g6 3. Nc3 Bg7 4. e4 d6 5. Nf3 O-O 6. Be2 e5 7. d5 Bg4 8. O-O
Nbd7 9. b4 a5 10. Ba3 axb4 11. Bxb4 Re8 12. Rb1 Nh5 13. h3 Bxf3 14. Bxf3 Nf4 15.
Qc2 Qg5 16. Kh2 Nh5 17. Nb5 Rec8 18. Bd2 Qd8 19. Bxh5 gxh5 20. Nc3 Rcb8 21. Qd1
Nf6 22. Bg5 Ra3 23. Qc1 Ra5 24. Rb3 c6 25. Qe3 Qc8 26. Bxf6 Bxf6 27. Qh6 Qd8 28.
dxc6 Bg7 29. Qxh5 bxc6 30. Rfb1 Rxb3 31. Rxb3 Qf6 32. Rb8+ Bf8 33. Qg4+ Qg7 34.
Qc8 Ra3 35. Rb3 Rxb3 36. axb3 c5 37. Nd5 Qg5 38. g3 Kg7 39. Ne3 h5 40. h4 Qf6
41. Nf5+ Kg8 42. Qe8 Qe6 43. Qd8 f6 44. Kg2 Kf7 45. Qc7+ Kg6 46. Qd8 Kf7 47. Kf3
Qe8 48. Qc7+ Kg6 49. Nxd6 Qe7 50. Qxe7 Bxe7 51. Nf5 Bd8 52. Ke3 Bc7 53. Ne7+ Kf7
54. Nd5 Bd8 55. f4 exf4+ 56. Nxf4 Bc7 57. Nxh5 Ke6 58. Nf4+ Ke5 59. h5 {Black
resigns} 1-0

[Event "Team 45 45 League T45"]
[Site "Internet Chess Club"]
[Date "2010.06.13"]
[Round "6"]
[White "Monsoon-Smith"]
[Black "perikitosax"]
[Result "1/2-1/2"]
[WhiteElo "2156"]
[BlackElo "2016"]
[Opening "Benoni: fianchetto, 9...Nbd7"]
[ECO "A62"]
[Time "11:06:03"]
[TimeControl "2700+45"]

1. d4 Nf6 2. c4 c5 3. d5 e6 4. Nc3 exd5 5. cxd5 d6 6. Nf3 g6 7. g3 Bg7 8. Bg2
O-O 9. O-O Nbd7 10. Nd2 Nh5 11. Nb5 Ndf6 12. a4 a6 13. Nc3 Nd7 14. Nc4 Ne5 15.
Nxe5 Bxe5 16. Be3 f5 17. f4 Bg7 18. Bf2 Nf6 19. h3 Re8 20. Kh2 Bd7 21. a5 b5 22.
axb6 Qxb6 23. Qc2 Qb4 24. Rfe1 Ne4 25. Bxe4 fxe4 26. e3 Bb5 27. Qd2 Bd3 28. Ra4
Qb7 29. Rea1 Rab8 30. R1a2 h5 31. g4 hxg4 32. hxg4 Bf6 33. Bg3 Qh7+ 34. Kg2 Kf7
35. Rxa6 Bxa6 36. Rxa6 Rh8 37. Ra7+ Be7 38. Ra1 Qh3+ 39. Kf2 Qxg4 40. Nxe4 Qf5
41. Nc3 Rh3 42. Qe2 Rbh8 43. Rg1 Bh4 44. Bxh4 R8xh4 45. Rg2 Rh2 46. Ke1 Rxg2 47.
Qxg2 Qd3 48. Qe4 Qxe4 49. Nxe4 Ke7 50. Ke2 Rh5 51. Ng5 Rh2+ 52. Kd3 Rxb2 53. e4
Rf2 54. Ke3 Rf1 55. e5 dxe5 56. fxe5 Rf5 57. Nf3 Rxf3+ 58. Kxf3 g5 59. Kg4 c4
60. Kf5 c3 61. d6+ Kd7 62. e6+ Kxd6 63. Kf6 c2 64. e7 c1=Q 65. e8=Q Qf4+ 66. Kg6
Kd5 67. Qb5+ Ke4 68. Qxg5 Qxg5+ 69. Kxg5 {Game drawn because neither player has
mating material} 1/2-1/2

[Event "Team 45 45 League T45"]
[Site "Internet Chess Club"]
[Date "2010.06.14"]
[Round "6"]
[White "lluisdp"]
[Black "Freitac"]
[Result "1-0"]
[WhiteElo "2119"]
[BlackElo "1953"]
[Opening "Queen's bishop game"]
[ECO "D02"]
[Time "18:01:22"]
[TimeControl "2700+45"]

1. d4 d5 2. Nf3 Nf6 3. Bf4 c5 4. e3 Nc6 5. c4 dxc4 6. Nc3 cxd4 7. exd4 Bg4 8. d5
e5 9. dxc6 Qxd1+ 10. Rxd1 exf4 11. Bxc4 bxc6 12. Rd3 Bf5 13. Rd4 g6 14. O-O Bc5
15. Re1+ Kf8 16. Rxf4 Kg7 17. Nh4 Bd7 18. Rxf6 Kxf6 19. Ne4+ Ke5 20. Nf3+ Kf5
21. Nxc5 Rad8 22. Re7 Be6 23. Bxe6+ fxe6 24. Rf7+ {Black resigns} 1-0